[Event "Early-Titled-Tuesday-Blitz-January-23-2024"]
[Site "Chess.com"]
[Date "2024.01.23"]
[Round "10"]
[White "sergoy"]
[Black "SpeedofLight0"]
[Result "0-1"]
[WhiteElo "3022"]
[BlackElo "2936"]
[TimeControl "180+1"]
[EndTime "9:56:34 PST"]
[Termination "SpeedofLight0 won by resignation"]

1. d4 Nf6 2. c4 g6 3. Nc3 Bg7 4. e4 d6 5. Nf3 O-O 6. Be2 e5 7. O-O Nc6 8. d5 Ne7 9. b4 Ne8 10. a4 f5 11. Ng5 h6 12. Ne6 Bxe6 13. dxe6 c6 14. exf5 Nxf5 15. b5 Nd4 16. Bd3 Qf6 17. bxc6 bxc6 18. Qg4 g5 19. Qe4 Qxe6 20. Qh7+ Kf7 21.
Be3 Rh8 22. Qe4 d5 23. cxd5 cxd5 24. Qxd5 Qxd5 25. Nxd5 Nd6 26. Rab1 Rab8 27. Rfc1 Rxb1 28. Rxb1 Rc8 29. Bd2 e4 30. Bf1 Be5 31. Ne3 Ke6 32. h3 h5 33. a5 Bf4 34. a6 g4 35. hxg4 hxg4 36. Rb4 Bxe3 37. fxe3 N4f5 38. Rb2 g3 39. Be2 Kf6 40. Bg4 Kg5 41. Be2 Rc6 42. Be1 Rc1 43.
Rb1 Rxb1 0-1

[Event "Early-Titled-Tuesday-Blitz-January-23-2024"]
[Site "Chess.com"]
[Date "2024.01.23"]
[Round "10"]
[White "rhungaski"]
[Black "eagleclaw07"]
[Result "0-1"]
[WhiteElo "2519"]
[BlackElo "2639"]
[TimeControl "180+1"]
[EndTime "9:56:35 PST"]
[Termination "eagleclaw07 won on time"]

1. e4 e5 2. Nf3 Nc6 3. d4 exd4 4. Nxd4 Bc5 5. Be3 Qf6 6. Nb5 Bxe3 7. fxe3 Qd8 8. Qg4 g6 9. Qf4 d6 10. N1c3 a6 11.
Nd4 Ne5 12. Be2 Nf6 13. Rf1 Nfd7 14. Qh6 c6 15. Qg7 Rf8 16. Qh6 Qe7 17. O-O-O b5 18. Qf4 Bb7 19. Bg4 Nxg4 20. Qxg4 O-O-O 21. a3 Kb8 22. Nf3 Ne5 23. Qf4 f6 24. h3 Ka8 25. Kb1 Nc4 26. Nd2 Ne5 27. Nb3 Qc7 28. Rd2 Nc4 29. Rdd1 Rde8 30. Nd2 Ne5 31. Qh4 g5 32. Qh6 Qe7 33. Rf2 Bc8 34. Rdf1 Ng6 35. Nf3 c5 36. Nd5 Qd8 37. Nd2 Bb7 38. Nxf6 Re6 39.
Nxh7 Rh8 40. Qg7 Ne5 41. Rf8 Rxf8 42. Rxf8 Re8 43. Rxe8 Qxe8 44. Nf6 Qe6 45. Qxg5 Nf7 0-1

[Event "Early-Titled-Tuesday-Blitz-January-23-2024"]
[Site "Chess.com"]
[Date "2024.01.23"]
[Round "10"]
[White "eightbyeightchess"]
[Black "JuniorJumper"]
[Result "1-0"]
[WhiteElo "2417"]
[BlackElo "2563"]
[TimeControl "180+1"]
[EndTime "9:56:36 PST"]
[Termination "eightbyeightchess won by checkmate"]

1. e4 e5 2. Nf3 Nc6 3. Bb5 a6 4. Ba4 d6 5. d4 b5 6. Bb3 Nxd4 7. Nxd4 exd4 8. c3 dxc3 9. Qd5 Be6 10. Qc6+ Bd7 11. Qxc3 Nf6 12. O-O Be7 13. Qg3 O-O 14.
Nc3 Be6 15. Bc2 Nd7 16. Bf4 f5 17. Rfe1 Kh8 18. Rad1 Nc5 19. e5 Qd7 20. exd6 cxd6 21. Bxd6 Bxd6 22. Rxd6 Qf7 23. Qe5 Rac8 24. b4 Ne4 25.
Bxe4 fxe4 26. Nxe4 Bf5 27. Ng5 Qxa2 28. h3 Rc7 29. Rd4 Qc2 30. Rf4 Rcc8 31. Qe7 Rce8 32. Qxe8 Qc5 33. bxc5 Rxe8 34. Rxe8# 1-0

[Event "Early-Titled-Tuesday-Blitz-January-23-2024"]
[Site "Chess.com"]
[Date "2024.01.23"]
[Round "10"]
[White "Kotlyar_K"]
[Black "Boninknights"]
[Result "1-0"]
[WhiteElo "2501"]
[BlackElo "2350"]
[TimeControl "180+1"]
[EndTime "9:56:36 PST"]
[Termination "Kotlyar_K won on time"]

1. e4 c6 2. Nf3 a6 3. Nc3 d5 4.
d4 Bg4 5. h3 Bh5 6. exd5 cxd5 7. g4 Bg6 8. h4 h5 9. Ne5 Bh7 10. Qf3 f6 11. Nd3 e6 12. gxh5 Bd6 13. Bh3 Qe7 14. Kd1 Nc6 15. Re1 Nxd4 16. Qe3 e5 17.
Nxd5 Nxc2 18. Kxc2 Qf7 19. Nc3 Rd8 20. f4 Bc5 21.
Qxc5 Rxd3 22. f5 Rxh3 23. Qc8+ Ke7 24. Qxb7+ Kf8 25. Qc8+ Qe8 26. Qc5+ Ne7 27. Rf1 Qxh5 28. b3 Bxf5+ 29. Kb2 Kf7 30. Nd5 Qe2+ 31. Ka3 Nxd5 32. Qxd5+ Be6 33. Qb7+ Kg6 34. Rg1+ Kf5 35. Bb2 R8xh4 36.
Qxg7 1-0

[Event "Early-Titled-Tuesday-Blitz-January-23-2024"]
[Site "Chess.com"]
[Date "2024.01.23"]
[Round "10"]
[White "Iskusnyh"]
[Black "ValentunHulka"]
[Result "1-0"]
[WhiteElo "2670"]
[BlackElo "2798"]
[TimeControl "180+1"]
[EndTime "9:56:37 PST"]
[Termination "Iskusnyh won on time"]

1. d4 Nf6 2. c4 e6 3. g3 d6 4. Nf3 Nc6 5. Bg2 e5 6. Nc3 Be7 7. O-O O-O 8. e4 Bg4 9. d5 Nd4 10. Be3 Bxf3 11. Bxf3 Nxf3+ 12. Qxf3 Nd7 13. Kh1 Bg5 14. Nd1 f5 15. exf5 g6 16. g4 gxf5 17.
gxf5 Kh8 18. Rg1 Bf6 19. Nc3 e4 20. Nxe4 Bxb2 21. Rab1 Be5 22. Ng5 Qf6 23. Ne6 Rg8 24. Bg5 Qf7 25. Rxb7 Rac8 26. Rbb1 Nb6 27. Rg4 a5 28.
Rbg1 Nd7 29. Bh6 Rxg4 30. Qxg4 a4 31. f4 Bf6 32. Bg5 Rg8 33. Qh4 Bb2 34. Qh3 a3 35.
Rg3 Nf6 36. Bh6 Rxg3 37. hxg3 Ne4 38. Kg2 Nd2 39. Bg5 Nb3 40. Bd8 Nc1 41. f6 1-0

[Event "Early-Titled-Tuesday-Blitz-January-23-2024"]
[Site "Chess.com"]
[Date "2024.01.23"]
[Round "10"]
[White "ilqar_74"]
[Black "Seochesspie"]
[Result "1-0"]
[WhiteElo "2907"]
[BlackElo "2795"]
[TimeControl "180+1"]
[EndTime "9:56:38 PST"]
[Termination "ilqar_74 won on time"]

1. e4 c5 2. Nf3 e6 3. c3 d5 4.
e5 Nc6 5. d4 Bd7 6. Bd3 cxd4 7.
cxd4 Qb6 8. Bc2 Nb4 9. Ba4 Nd3+ 10. Qxd3 Bxa4 11. Nc3 Bd7 12. O-O Ne7 13. Ng5 h6 14.
Nh3 Nf5 15. Be3 Be7 16. Nf4 O-O 17. Nh5 Rfc8 18. Rab1 Qa6 19. Qd1 Rc4 20. Qg4 Kh7 21. Ne2 g6 22. Nhg3 Rc2 23. Nf4 Bb5 24. Rfe1 Nxe3 25.
fxe3 Qxa2 26. Nxe6 fxe6 27. Qxe6 Bf8 28. Qf7+ Bg7 29.
Nf5 Rxg2+ 30. Kxg2 gxf5 31. Qxf5+ Kh8 32. Kh3 Qb3 33. Rbc1 Rf8 34. Qg4 Bd3 35. Rc3 Qb5 36. Rc8 Rxc8 37. Qxc8+ Kh7 38. Rg1 Qxb2 39. Qg4 1-0

[Event "Early-Titled-Tuesday-Blitz-January-23-2024"]
[Site "Chess.com"]
[Date "2024.01.23"]
[Round "10"]
[White "GMAkobianSTL"]
[Black "Chessdreamer2020"]
[Result "1-0"]
[WhiteElo "2759"]
[BlackElo "2547"]
[TimeControl "180+1"]
[EndTime "9:56:38 PST"]
[Termination "GMAkobianSTL won by resignation"]

1. d4 d6 2. Nf3 Bg4 3. c4 Bxf3 4. exf3 g6 5. Nc3 Bg7 6. f4 e6 7. d5 Ne7 8. dxe6 fxe6 9. Bd3 O-O 10. h4 h5 11. Qe2 Qd7 12. g4 hxg4 13. Qxg4 e5 14.
Qg2 exf4 15. h5 Qe6+ 16. Kd1 gxh5 17. Rxh5 Nbc6 18. Rg5 Rf7 19. Bxf4 Ne5 20. Bxe5 dxe5 21. Kc2 Rd8 22. Rg1 Qh6 23. c5 Rxd3 24. Kxd3 Qh7+ 25. Ne4 Nf5 26. Kc3 Qh6 27. Qg4 Qe6 28. b3 Kf8 29.
Rd1 Ke8 30. Rg6 Qe7 31. b4 a5 32. a3 b6 33. cxb6 axb4+ 34. axb4 cxb6 35. Rxg7 Qc7+ 36. Kb2 Nxg7 37. Nd6+ Kf8 38. Nxf7 Qxf7 39. Rd8+ Ne8 40. Qh4 e4 41. Qh8+ Ke7 42. Rxe8+ Qxe8 43. Qxe8+ Kxe8 44. Kc3 Kd7 45. Kd4 Kc6 46. Kxe4 Kb5 47. f4 Kxb4 48. f5 Kc5 49. Ke5 Kc6 50. Ke6 b5 51. f6 b4 52. f7 b3 53. f8=Q Kb5 54.
Qa3 Kc4 55. Qb2 Kb4 56. Kd5 1-0

[Event "Early-Titled-Tuesday-Blitz-January-23-2024"]
[Site "Chess.com"]
[Date "2024.01.23"]
[Round "10"]
[White "Alex_Sahakyan2006"]
[Black "Anton_Demchenko"]
[Result "0-1"]
[WhiteElo "2712"]
[BlackElo "2918"]
[TimeControl "180+1"]
[EndTime "9:56:39 PST"]
[Termination "Anton_Demchenko won on time"]

1. d4 Nf6 2. c4 d6 3. Nc3 e5 4.
Nf3 Nc6 5. e4 Bg4 6. d5 Nd4 7.
Qa4+ Bd7 8. Qd1 Bg4 9. Be2 Nxe2 10. Qxe2 Be7 11. h3 Bd7 12. g4 h5 13. g5 Nh7 14. h4 Nf8 15. Qd3 Ng6 16. Be3 a6 17.
a4 O-O 18. a5 f5 19. gxf6 Bxf6 20. Ng5 Bxg5 21. hxg5 Bg4 22. Kd2 Nf4 23. Qf1 Qxg5 24. f3 Bd7 25. Qf2 Qf6 26. Qg3 Kf7 27. Rag1 Rh8 28.
Ne2 h4 29. Qh2 g5 30. Kc3 Rag8 31. Nxf4 gxf4 32. Bf2 h3 33. Rxg8 Rxg8 34. Rg1 Rg6 35. Kd2 Qg7 36. Ke2 c6 37. b3 cxd5 38. exd5 Bf5 39. Rxg6 Qxg6 40. Qg1 Qh5 41. b4 e4 42. Qh1 exf3+ 43. Kd2 h2 44. Bd4 Be4 0-1

[Event "Early-Titled-Tuesday-Blitz-January-23-2024"]
[Site "Chess.com"]
[Date "2024.01.23"]
[Round "10"]
[White "giomar27"]
[Black "DefiantChair"]
[Result "0-1"]
[WhiteElo "2417"]
[BlackElo "2561"]
[TimeControl "180+1"]
[EndTime "9:56:39 PST"]
[Termination "DefiantChair won on time"]

1. d4 Nf6 2. Nc3 d5 3. Bf4 a6 4. e3 e6 5. g4 Bd6 6. Qf3 Bxf4 7. Qxf4 c5 8. g5 Nfd7 9. Nf3 Nc6 10. Bd3 cxd4 11.
exd4 Nb4 12. O-O-O Nxd3+ 13. Rxd3 b5 14. Re3 O-O 15.
h4 b4 16. Ne2 Qa5 17. Kb1 Nb6 18. b3 Qb5 19. h5 f5 20. Ne5 Nd7 21. h6 g6 22. Nc1 Nxe5 23. Qxe5 Qd7 24. Nd3 a5 25.
Nc5 Qf7 26. Rhe1 a4 27. Qd6 Re8 28. Qxd5 Ra5 29. Qc4 axb3 30. cxb3 f4 31. R3e2 Qf5+ 32.
Qc2 Qxg5 33. Nxe6 Qxh6 34. Qc4 Kh8 35. Nc5 Bf5+ 36. Kb2 Rxe2+ 37. Qxe2 Ra8 38. Qe5+ Qg7 39. Qxf4 Rd8 40. Re5 Qf6 41. Qe3 h5 42. f4 h4 43.
Ne4 Qb6 44. Nc5 Qd6 45. Re8+ Rxe8 46. Qxe8+ Kg7 47. Qe3 h3 48. Ne4 Qe6 0-1

[Event "Early-Titled-Tuesday-Blitz-January-23-2024"]
[Site "Chess.com"]
[Date "2024.01.23"]
[Round "10"]
[White "platy3"]
[Black "Rodalquilar"]
[Result "1-0"]
[WhiteElo "2875"]
[BlackElo "2741"]
[TimeControl "180+1"]
[EndTime "9:56:40 PST"]
[Termination "platy3 won on time"]

1. e4 d5 2. exd5 Qxd5 3. Nc3 Qa5 4. d4 Nf6 5. Nf3 Bf5 6. Bc4 e6 7. Ne5 Nbd7 8. Nxd7 Nxd7 9. O-O c6 10. Qe2 Bd6 11.
Ne4 Bxe4 12. Qxe4 Nf6 13. Qf3 Qh5 14. Qxh5 Nxh5 15. g3 Nf6 16. Be2 O-O-O 17. Bf3 h5 18. a4 h4 19. c3 Nd5 20. Bd2 Bc7 21. b4 e5 22. b5 exd4 23. cxd4 cxb5 24. Rfc1 hxg3 25.
hxg3 Kb8 26. Rc5 Ne7 27. Rxb5 b6 28. a5 Nc8 29. axb6 Nxb6 30. Ba5 Rh6 31. Bc3 Rf6 32.
Kg2 Rfd6 33. Rba5 Nc8 34. Rf5 f6 35. Rh5 Bb6 36. d5 Ne7 37. Bb4 R6d7 38. d6 Nc8 39. Bc6 Rxd6 40. Bxd6+ Nxd6 41. Rh7 Nf5 42. Be4 Nd6 43.
Bf3 Rd7 44. Rd1 Kc7 45. Rc1+ Kd8 46. Rh8+ Ke7 47. Re1+ Kf7 48. Bh5+ g6 49. Rh7+ 1-0

[Event "Early-Titled-Tuesday-Blitz-January-23-2024"]
[Site "Chess.com"]
[Date "2024.01.23"]
[Round "10"]
[White "LileKoridze"]
[Black "Licancabur"]
[Result "0-1"]
[WhiteElo "2307"]
[BlackElo "2462"]
[TimeControl "180+1"]
[EndTime "9:56:40 PST"]
[Termination "Licancabur won on time"]

1. d4 d5 2. c4 dxc4 3. e3 e5 4.
Bxc4 exd4 5. exd4 Bd6 6. Nf3 Nf6 7. O-O O-O 8. h3 h6 9. Nc3 Nc6 10. a3 Bf5 11. Bd3 Qd7 12. Be3 Rad8 13. Qc2 Bxh3 14.
gxh3 Qxh3 15. Qd1 Ng4 16. Re1 Rfe8 17. Bf1 Bh2+ 18. Kh1 Qh5 19. Bg2 Rxe3 20. Qd2 Rxe1+ 21. Qxe1 Bg3+ 22. Kg1 Bxf2+ 23. Qxf2 Nxf2 24. Kxf2 Nxd4 25. Rd1 c5 26. Ne4 Qf5 27. Ng3 Qf4 28. Ne2 Qf6 29.
Nxd4 cxd4 30. Rd3 g5 31. Kg1 b5 32. Nd2 Re8 33. Ne4 Qf4 34. Nf2 Re3 35. Rd1 Rg3 36. Re1 Kg7 37. Kf1 Re3 38. Rd1 g4 39. Kg1 Re2 40.
Nd3 Qg3 41. Nf4 Qxf4 0-1

[Event "Early-Titled-Tuesday-Blitz-January-23-2024"]
[Site "Chess.com"]
[Date "2024.01.23"]
[Round "10"]
[White "AndresDelgado77"]
[Black "NowInChess"]
[Result "1-0"]
[WhiteElo "2386"]
[BlackElo "2281"]
[TimeControl "180+1"]
[EndTime "9:56:40 PST"]
[Termination "AndresDelgado77 won on time"]

1. e4 e6 2. d4 d5 3. e5 c5 4. c3 Nc6 5. Nf3 Qb6 6. Bd3 Nh6 7. dxc5 Bxc5 8. O-O Ng4 9. Qe2 f6 10. exf6 Nxf6 11.
b4 Bd6 12. a3 O-O 13. Be3 Qc7 14. c4 dxc4 15. Bxc4 Bd7 16. Nc3 Ne5 17. Nxe5 Bxe5 18. Rac1 Bxh2+ 19. Kh1 Bd6 20. Nb5 Bxb5 21. Bxe6+ Kh8 22.
Qxb5 Qe7 23. Bh3 Ne4 24. Rce1 Qh4 25. Qxb7 Nxf2+ 26. Bxf2 Qf4 27. Bg1 Qh4 28. Rxf8+ Rxf8 29. Qe4 Qg3 30. Re3 Qg5 31. Rf3 Rd8 32. Qf5 Qe7 33. Qf7 Qg5 34. Rf5 Qg3 35. Qd5 h6 36. Rf7 Bc7 37.
Qf5 1-0

[Event "Early-Titled-Tuesday-Blitz-January-23-2024"]
[Site "Chess.com"]
[Date "2024.01.23"]
[Round "10"]
[White "KhazhatulyAlikhan"]
[Black "hmatyi07"]
[Result "0-1"]
[WhiteElo "2333"]
[BlackElo "2196"]
[TimeControl "180+1"]
[EndTime "9:56:40 PST"]
[Termination "hmatyi07 won on time"]

1. e4 c5 2. Nf3 e6 3. d4 cxd4 4.
Nxd4 Nf6 5. Nc3 Nc6 6. Nf3 Bb4 7. Bd3 d5 8. exd5 Nxd5 9. Bd2 Nxc3 10. bxc3 Be7 11.
O-O O-O 12. Qe2 Bf6 13. Rad1 Qa5 14. Qe4 g6 15. Bh6 Bg7 16. Bxg7 Kxg7 17. Qh4 Qxc3 18. Ng5 h6 19. Ne4 Qe5 20. f4 Qd4+ 21. Kh1 f5 22. c3 Qd8 23. Qxd8 Rxd8 24. Nc5 b6 25. Nb3 Bb7 26. Kg1 Ne7 27. Rfe1 Kf6 28. Bc4 Nd5 29.
Bxd5 Rxd5 30. Nd4 Re8 31. Re3 e5 32. fxe5+ Rexe5 33. Rxe5 Rxe5 34. Kf2 g5 35. Rd2 g4 36. Ne2 Rd5 37. Rb2 Ra5 38. Nf4 Bd5 39. Nxd5+ Rxd5 40. g3 Rc5 41. Rb3 Ke5 42. Ke3 Ra5 43. a3 Rd5 44. c4 Rd1 45. Rb5+ Ke6 46. Rb2 Ra1 47. Rb3 Ra2 48.
Kf4 Rf2+ 0-1

[Event "Early-Titled-Tuesday-Blitz-January-23-2024"]
[Site "Chess.com"]
[Date "2024.01.23"]
[Round "10"]
[White "Mihajlovskij"]
[Black "Nellichka"]
[Result "0-1"]
[WhiteElo "2211"]
[BlackElo "1973"]
[TimeControl "180+1"]
[EndTime "9:56:41 PST"]
[Termination "Nellichka won on time"]

1. c4 e5 2. Nf3 e4 3. Nd4 d5 4. e3 c5 5. Nb3 Be6 6. cxd5 Bxd5 7. Nc3 Nf6 8. Nxd5 Nxd5 9. Qc2 Qe7 10. Bc4 Nb4 11. Qc3 Qf6 12. Qxf6 gxf6 13. O-O a5 14. a3 Nd3 15. Bxd3 exd3 16. Rb1 a4 17. Na1 c4 18. b3 axb3 19. Bb2 Nd7 20. Rbc1 b5 21. f4 Bxa3 22. Bxa3 Rxa3 23. Rb1 Nc5 24. f5 Kd7 25. Rf4 Rha8 26. Nxb3 Nxb3 27. Rh4 Nxd2 28. Rxb5 Ra1+ 29. Kf2 Rf1+ 30. Kg3 Rg8+ 31. Kh3 Kc6 32. Ra5 c3 33. Ra6+ Kb5 34. Rha4 Nb3 35. Ra3 c2 36.
Rxf6 c1=Q 37. Rxb3+ Ka4 38. Rb7 Qxe3+ 39. g3 Rxg3+ 40. hxg3 Rh1+ 41. Kg4 Qe4+ 42. Kg5 Qxb7 43. Kg4 Rf1 0-1

[Event "Early-Titled-Tuesday-Blitz-January-23-2024"]
[Site "Chess.com"]
[Date "2024.01.23"]
[Round "10"]
[White "Sibelephant"]
[Black "Fandorine"]
[Result "1/2-1/2"]
[WhiteElo "3074"]
[BlackElo "2982"]
[TimeControl "180+1"]
[EndTime "9:56:43 PST"]
[Termination "Game drawn by agreement"]

1. d4 Nf6 2. c4 g6 3. g3 Bg7 4.
Bg2 O-O 5. Nc3 d6 6. h3 c5 7. e3 Nc6 8. Nge2 Bd7 9. O-O a6 10. b3 cxd4 11. exd4 b5 12. cxb5 axb5 13. Nxb5 Nb4 14.
Nbc3 Bc6 15. Bxc6 Nxc6 16. Bg5 Qd7 17. Kh2 Ra5 18. Qd2 Nd5 19. Nxd5 Rxd5 20. Be3 e5 21. Nc3 Nxd4 22. Qd1 Ra5 23. a4 h5 24. b4 Raa8 25.
Bxd4 exd4 26. Nd5 Rae8 27. Qf3 Re5 28. a5 Qb5 29. Nc7 Qxb4 30. a6 Qb6 31. Qb7 Qxb7 32.
axb7 Re7 33. Rfc1 d3 34. Ra8 d2 35. Rxf8+ Bxf8 36. Rd1 Re1 37. Rxd2 Rb1 38. Nd5 Rxb7 39. Nf6+ Kg7 40. Ne8+ Kg8 41. Nxd6 Bxd6 42. Rxd6 Kg7 43. h4 Ra7 1/2-1/2

[Event "Early-Titled-Tuesday-Blitz-January-23-2024"]
[Site "Chess.com"]
[Date "2024.01.23"]
[Round "10"]
[White "ProChessWICTH"]
[Black "jk13"]
[Result "0-1"]
[WhiteElo "2523"]
[BlackElo "2643"]
[TimeControl "180+1"]
[EndTime "9:56:45 PST"]
[Termination "jk13 won by resignation"]

1. e4 e5 2. Nf3 Nc6 3. d4 exd4 4. Bc4 Nf6 5. e5 d5 6. Bb5 Ne4 7. Nxd4 Bd7 8. Bxc6 bxc6 9. O-O Bc5 10. Be3 Bb6 11. f3 Ng5 12. f4 Ne4 13. Nd2 Nxd2 14. Qxd2 c5 15. Nf3 d4 16. Bf2 O-O 17. Rfe1 Bc6 18.
Qd3 Qd5 19. c4 dxc3 20. Qxc3 Rad8 21. h3 c4 22. Bxb6 cxb6 23. f5 Qc5+ 24. Qe3 Qxe3+ 25. Rxe3 Rfe8 26. Rae1 Kf8 27. Rc3 b5 28. b3 Bd5 29.
bxc4 Bxc4 30. a4 a6 31. a5 Rd5 32. Kf2 f6 33. exf6 gxf6 34. g4 Rxe1 35. Kxe1 Ke7 36.
Kf2 Rd1 37. h4 h6 38. Re3+ Kd6 39. Re8 Kc5 40. Rf8 b4 41. Rxf6 b3 42. Rb6 Bb5 43. f6 b2 44. f7 Rd8 45. Nd2 Rxd2+ 46. Ke3 Rd8 47. g5 hxg5 48. hxg5 b1=Q 0-1

[Event "Early-Titled-Tuesday-Blitz-January-23-2024"]
[Site "Chess.com"]
[Date "2024.01.23"]
[Round "10"]
[White "carloseduar100"]
[Black "EvgenyBurmakin"]
[Result "1-0"]
[WhiteElo "2304"]
[BlackElo "2422"]
[TimeControl "180+1"]
[EndTime "9:56:45 PST"]
[Termination "carloseduar100 won by resignation"]

1. d4 Nf6 2. Bg5 Ne4 3. h4 c5 4.
d5 Qb6 5. Nd2 Nxg5 6. hxg5 Qxb2 7.
e4 d6 8. Rb1 Qxa2 9. Bb5+ Nd7 10. Rh3 g6 11. Nc4 a6 12. Ra3 axb5 13. Rxa2 Rxa2 14.
Rxb5 Bg7 15. Ne2 O-O 16. Ra5 Rxa5 17. Nxa5 Ne5 18. Kf1 b6 19. Nc6 Ba6 20. Nxe7+ Kh8 21. Nc6 Ng4 22. Qd2 h5 23. f3 Ne5 24. Nxe5 Bxe5 25. f4 Bg7 26. Qe3 Bd4 27. Qa3 Ra8 28. Qb3 Bg7 29. g3 b5 30. Kg2 b4 31. Nc1 Bb5 32. Nd3 Ra3 33. Qb1 Ra1 34. Qb3 c4 35. Qxb4 cxd3 36. cxd3 Bxd3 37. Qxd6 Bxe4+ 38. Kf2 Rd1 39. Qd8+ Kh7 40. d6 Bd4+ 41. Ke2 Rb1 42. Qe7 Rb2+ 43. Kd1 Bf3+ 44. Kc1 Ra2 45. Qxf7+ Kh8 46. Qxa2 Be3+ 47. Kc2 1-0

[Event "Early-Titled-Tuesday-Blitz-January-23-2024"]
[Site "Chess.com"]
[Date "2024.01.23"]
[Round "10"]
[White "MatthewG-p4p"]
[Black "GaiozNigalidze"]
[Result "1-0"]
[WhiteElo "2884"]
[BlackElo "2701"]
[TimeControl "180+1"]
[EndTime "9:56:47 PST"]
[Termination "MatthewG-p4p won by checkmate"]

1. f4 c5 2. Nf3 Nc6 3. g3 g6 4.
Bg2 Bg7 5. O-O d6 6. d3 e6 7. Nc3 Nge7 8. e4 O-O 9. h3 Rb8 10. a4 a6 11. g4 b5 12. axb5 axb5 13. Ne2 Bd7 14. Ng3 Qb6 15. Kh2 Ra8 16. Rb1 f5 17. gxf5 exf5 18. h4 Rae8 19. h5 Nd8 20. c3 c4 21. b3 cxd3 22. Qxd3 fxe4 23. Nxe4 Nf5 24. hxg6 hxg6 25. Nfg5 Bc6 26. Rd1 Nf7 27. Qh3 N7h6 28. Ba3 Ne3 29. Bxd6 Bxe4 30. Bxe4 Rxe4 31. Nxe4 Neg4+ 32. Kg2 Re8 33. Bc5 Qc6 34. Qf3 Rxe4 35. Bf2 Nf5 36. Rd8+ Kf7 37. Rbd1 Nh4+ 38. Bxh4 Re1 39.
Kg3 Qxf3+ 40. Kxf3 Re3+ 41. Kxg4 Re6 42. R1d7+ Re7 43.
Rxe7# 1-0

[Event "Early-Titled-Tuesday-Blitz-January-23-2024"]
[Site "Chess.com"]
[Date "2024.01.23"]
[Round "10"]
[White "Al_Shima"]
[Black "Huragan007"]
[Result "1/2-1/2"]
[WhiteElo "2304"]
[BlackElo "2553"]
[TimeControl "180+1"]
[EndTime "9:56:47 PST"]
[Termination "Game drawn by repetition"]

1. d4 Nf6 2. Nc3 g6 3. e4 d6 4. Bg5 Bg7 5. e5 dxe5 6. dxe5 Qxd1+ 7. Rxd1 Nfd7 8. f4 c6 9. Nf3 h6 10. Bh4 g5 11. fxg5 Nxe5 12. Be2 hxg5 13. Bxg5 Bf5 14.
Rd2 Nbd7 15. O-O Bg6 16. Re1 Nc5 17. h3 Ne6 18. Be3 O-O 19. Nxe5 Bxe5 20. Bc4 Bd6 21. Bh6 Ng7 22. Ne4 Rfd8 23. Nxd6 exd6 24. Rde2 d5 25. Bb3 Nf5 26. Bg5 Rd6 27. c3 Kg7 28. Bf4 Rd7 29. Bg5 f6 30. Bf4 Kf7 31. Rf2 Rg8 32. Kh2 Nd6 33.
Bxd6 Rxd6 34. Bc2 Bxc2 35. Rxc2 Re6 36. Rxe6 Kxe6 37. Re2+ Kf7 38. g4 c5 39. Kg3 d4 40.
cxd4 cxd4 41. Kf4 Rh8 42. Rh2 Re8 43. Rd2 Rh8 44. Rxd4 Rxh3 45. Rd7+ Ke6 46. Rxb7 Rh2 47. Rxa7 Rxb2 48. Ra6+ Kf7 49. a4 Rb4+ 50. Kf5 Kg7 51. Ra7+ Kh6 52. Ra6 Kg7 53. Ra7+ Kh6 54. Ra6 Kg7 1/2-1/2

[Event "Early-Titled-Tuesday-Blitz-January-23-2024"]
[Site "Chess.com"]
[Date "2024.01.23"]
[Round "10"]
[White "Jospem"]
[Black "artooon"]
[Result "1-0"]
[WhiteElo "3112"]
[BlackElo "2987"]
[TimeControl "180+1"]
[EndTime "9:56:49 PST"]
[Termination "Jospem won by resignation"]

1. e4 e5 2. Nf3 Nc6 3. Nc3 Nf6 4. h3 d5 5. Bb5 Nxe4 6. O-O Nxc3 7. dxc3 e4 8. Ne5 Qd6 9. Bf4 Qc5 10. a4 a6 11. b4 Qd6 12. Bxc6+ bxc6 13. f3 Qe6 14. fxe4 dxe4 15. Qh5 g6 16. Qh4 Bg7 17. Ng4 h5 18. Ne3 O-O 19. c4 f5 20. Qg3 Qf7 21. Rad1 Be6 22.
Rf2 Rfd8 23. Rfd2 Rxd2 24. Rxd2 Bc3 25. Rd1 Bxb4 26. Bxc7 Bf8 27. Be5 Ra7 28. Rb1 Kh7 29.
Rb8 Rd7 30. Qg5 Bg7 31. Qf4 Qe7 32. Bxg7 Qxg7 33. Rb6 a5 34. Rxc6 Bg8 35. h4 Qf8 36. Kh2 Kh8 37. c5 Bf7 38. Rd6 Rc7 39. c6 Qc8 40.
Qe5+ Kg8 41. Qd4 Kh7 42. Rd8 1-0

[Event "Early-Titled-Tuesday-Blitz-January-23-2024"]
[Site "Chess.com"]
[Date "2024.01.23"]
[Round "10"]
[White "AlexPapasimakopoulos"]
[Black "eljanov"]
[Result "0-1"]
[WhiteElo "2746"]
[BlackElo "2888"]
[TimeControl "180+1"]
[EndTime "9:56:49 PST"]
[Termination "eljanov won by resignation"]

1. d4 d5 2. c4 e6 3. Nc3 Nf6 4. cxd5 exd5 5. Bg5 Be7 6. e3 h6 7. Bxf6 Bxf6 8. Qb3 c6 9. Nf3 O-O 10. Bd3 Be7 11. Qc2 Nd7 12. Rb1 a5 13. a3 Bd6 14.
O-O Qe7 15. Rfe1 Nf6 16. e4 dxe4 17. Nxe4 Nxe4 18. Bxe4 Qf6 19. h3 Be6 20. Red1 Rfd8 21. Rbc1 a4 22. Re1 Re8 23. Qd1 Red8 24. Qc2 Bf4 25.
Ra1 Bb3 26. Qc3 Bc7 27. Qb4 Ba5 28. Qxb7 Bxe1 29. Rxe1 Bd5 30. Bxd5 cxd5 31. Re2 Qa6 32. Qe7 Re8 33. Qxe8+ Rxe8 34. Rxe8+ Kh7 35. Rb8 f6 36. Rb4 g5 37. Nd2 Qd3 38. Nf1 Qd1 39. g3 f5 40. Kg2 f4 41. gxf4 gxf4 42. Nh2 Kg6 43. Nf3 Kf5 44. Rb6 Qc2 45. Rb5 Ke4 46. Rb6 Qc8 47. Rg6 Qb8 48. Re6+ Kd3 49. Ra6 Qg8+ 50. Kf1 Ke4 51. Ke2 Qc8 52. Nd2+ Kf5 53. Rxa4 Qe8+ 54. Kd1 Qxa4+ 55. Kc1 Qxd4 56. Nf3 Qxf2 57.
Ne1 Qxe1+ 0-1

[Event "Early-Titled-Tuesday-Blitz-January-23-2024"]
[Site "Chess.com"]
[Date "2024.01.23"]
[Round "10"]
[White "Goryachkina"]
[Black "tusplingher"]
[Result "1/2-1/2"]
[WhiteElo "2697"]
[BlackElo "2518"]
[TimeControl "180+1"]
[EndTime "9:56:49 PST"]
[Termination "Game drawn by repetition"]

1. e4 c5 2. Nf3 d6 3. d4 Nf6 4. Nc3 cxd4 5. Nxd4 a6 6. Be2 e5 7. Nf3 Be7 8. a4 O-O 9. O-O h6 10. Re1 Be6 11. Bf1 Nbd7 12. Nd2 Rc8 13. a5 d5 14. exd5 Nxd5 15. Nxd5 Bxd5 16. Nf3 Be6 17. Be3 Bf6 18.
c3 Qc7 19. Nd2 Rfd8 20. Qc2 Qc6 21. Bd3 Nc5 22. Bxc5 Qxc5 23. Ne4 Qe7 24. Nxf6+ Qxf6 25. Be4 Bd5 26. Rad1 Qc6 27. Bh7+ Kh8 28. Bf5 Rb8 29.
f3 f6 30. Qf2 Bb3 31. Rxd8+ Rxd8 32. Be4 Bd5 33. Rd1 Rd7 34. Bxd5 Rxd5 35. Rxd5 Qxd5 36. b4 Qd1+ 37. Qf1 Qd2 38. Qa1 f5 39. Kf1 e4 40.
fxe4 fxe4 41. Qe1 Qd3+ 42. Kf2 Qc2+ 43. Ke3 Qxg2 44. Kd4 Qxh2 45. Qxe4 Qd6+ 46. Ke3 Qc7 47. Qe8+ Kh7 48. Qe4+ Kh8 49. Qe8+ Kh7 50. Qe4+ Kh8 1/2-1/2

[Event "Early-Titled-Tuesday-Blitz-January-23-2024"]
[Site "Chess.com"]
[Date "2024.01.23"]
[Round "10"]
[White "dmosesov"]
[Black "dirk_da_player"]
[Result "0-1"]
[WhiteElo "2578"]
[BlackElo "2390"]
[TimeControl "180+1"]
[EndTime "9:56:49 PST"]
[Termination "dirk_da_player won by resignation"]

1. Nf3 d5 2. c4 e6 3. g3 Nf6 4. Bg2 c5 5. O-O Nc6 6. cxd5 exd5 7. d4 Be7 8. Nc3 O-O 9. dxc5 Bxc5 10. Na4 Be7 11.
Be3 Ne4 12. Rc1 Re8 13. Nd4 Bd7 14. f3 Nf6 15. Bf2 Qa5 16. Nxc6 Bxc6 17. Nc3 Rad8 18. Bd4 Bc5 19. Kh1 Bxd4 20. Qxd4 Qb6 21. Rfd1 Qxb2 22. Rb1 Qa3 23. e3 Qe7 24. Re1 Qe5 25. Rbd1 h6 26. f4 Qxd4 27. exd4 Rxe1+ 28. Rxe1 Ne4 29. Nxe4 dxe4 30. Bxe4 Re8 31. d5 Bxd5 32. Bxd5 Rxe1+ 33. Kg2 Re2+ 34. Kh3 Rb2 35. g4 Kf8 36. Kg3 f6 37. h4 Ke7 38. g5 hxg5 39. fxg5 fxg5 40. hxg5 Rb4 41. Kf3 Kd6 42. Bg8 Ke5 43. Bh7 a5 44. Bg8 b5 45. g6 Rd4 46. Bf7 b4 47. Ke3 a4 48. Bg8 Rd6 49. Bf7 Kf5 50. Be8 Re6+ 0-1